Flames vs Maple Leafs
(R1)
Created - March 30, 2023 at 19:15
Goals
|
| Flames |
1 |
0 |
2 |
3 |
| Maple Leafs |
0 |
0 |
1 |
1 |
|
Shots
|
| Flames |
19 |
11 |
8 |
38 |
| Maple Leafs |
12 |
2 |
12 |
26 |
|
1st period
1. Flames , Kevin Labanc 12 (Sami Vatanen 24, Erik Johnson 24) at 19:11 (PP)
Penalties :
Erik Johnson (Cal) for Tripping (Minor) at 0:22, Brayden Schenn (TOR) for Holding (Minor) at 11:23, Jon Merrill (TOR) for Hooking (Minor) at 18:38
2nd period
No Goal
Penalties :
Patrice Cormier (TOR) for Hooking (Minor) at 1:35, Sami Vatanen (Cal) for Tripping (Minor) at 4:11, Claude Giroux (TOR) for Tripping (Minor) at 16:10, Tye McGinn (TOR) for Tripping (Minor) at 16:40
3rd period
2. Maple Leafs , Elias Pettersson 4 (Tye McGinn 19, Jon Merrill 18) at 4:06
3. Flames , Patrik Berglund 26 (Sami Vatanen 25, Erik Johnson 25) at 6:54
4. Flames , Eric Staal 25 (Bryan Rust 27, Vladimir Sobotka 2) at 19:31 (Empty Net)
Penalties :
Jason Zucker (TOR) for Interference (Minor) at 7:19, Brad Marchand (Cal) for Diving (Minor) at 14:55
Goalie Stats
Christopher Gibson (Cal), 25 saves from 26 shots - (0.962), W, 8-8-0, 60:00 minutes
Martin Jones (TOR), 35 saves from 37 shots - (0.946), L, 12-12-0, 59:34 minutes
Players Stats for Flames
Player Name G A P +/- PIM S H SB GA TA FO MP PP MP PK MP
------------------------------------------------------------------------------------
Anders Lee 0 0 0 0 0 0 0 1 0 0 0/2 9:25 0:00 1:41
Brad Marchand 0 0 0 -1 2 1 3 1 1 0 0/0 17:37 2:59 1:46
Brendan Mikkelson 0 0 0 -1 0 1 1 0 0 0 0/0 18:10 2:32 3:23
Bryan Rust 0 1 1 0 0 0 2 1 0 1 0/1 14:39 0:00 1:39
Christian Folin 0 0 0 0 0 2 0 0 0 1 0/0 16:45 0:00 2:57
Colby Robak 0 0 0 0 0 2 1 1 0 2 0/0 17:49 0:00 3:00
Colin Wilson 0 0 0 0 0 1 0 0 0 0 2/5 12:31 0:00 0:17
David Ullstrom 0 0 0 0 0 2 1 0 2 0 1/1 13:49 0:00 1:35
Eric Staal 1 0 1 0 0 7 1 0 0 0 7/13 18:26 2:59 2:38
Erik Johnson 0 2 2 2 2 1 2 2 0 0 0/0 25:48 6:27 0:53
Esa Lindell 0 0 0 -1 0 4 1 1 2 0 0/0 15:39 2:32 1:41
Jimmy Hayes 0 0 0 1 0 2 0 0 0 0 0/1 19:11 6:00 0:00
Kevin Labanc 1 0 1 0 0 3 0 0 0 0 0/0 9:52 2:59 0:00
Kyle Palmieri 0 0 0 0 0 0 1 0 0 0 0/0 10:08 0:00 0:00
Patrik Berglund 1 0 1 1 0 5 2 2 0 1 14/30 21:19 6:00 2:08
Sami Vatanen 0 2 2 2 2 4 1 2 0 1 0/0 25:34 6:27 0:00
Tanner Pearson 0 0 0 1 0 3 0 0 0 1 1/2 19:27 6:00 0:10
Vladimir Sobotka 0 1 1 1 0 0 0 0 0 0 0/1 7:51 0:00 0:00
Players Stats for Maple Leafs
Player Name G A P +/- PIM S H SB GA TA FO MP PP MP PK MP
------------------------------------------------------------------------------------
Andre Burakovsky 0 0 0 0 0 0 3 0 0 0 0/0 13:39 2:49 0:00
Brad Boyes 0 0 0 1 0 2 1 0 0 0 0/0 10:47 0:45 0:00
Brandon Saad 0 0 0 0 0 0 1 0 0 0 0/0 10:16 0:45 1:19
Brayden Schenn 0 0 0 -2 2 3 0 1 1 1 14/26 23:04 2:06 4:54
Braydon Coburn 0 0 0 0 0 2 0 1 0 1 0/0 19:48 3:17 2:25
Claude Giroux 0 0 0 -2 2 5 0 0 1 1 1/2 22:48 2:06 4:51
Elias Pettersson 1 0 1 1 0 3 1 0 0 0 5/10 12:39 0:47 1:29
Haydn Fleury 0 0 0 -1 0 0 0 3 0 0 0/0 12:03 0:41 0:00
Jason Zucker 0 0 0 0 2 4 1 0 0 1 0/0 13:22 0:17 0:00
John Klingberg 0 0 0 0 0 2 2 2 1 0 0/0 27:43 1:59 6:34
Jon Merrill 0 1 1 0 2 1 4 0 0 0 0/0 27:09 1:59 6:01
Luke Adam 0 0 0 0 0 1 0 0 2 0 3/4 7:37 0:00 0:00
Matt Duchene 0 0 0 -2 0 0 1 1 1 0 1/3 17:55 2:45 0:00
Neal Pionk 0 0 0 -1 0 0 0 3 0 0 0/0 11:52 0:41 0:00
Patrice Cormier 0 0 0 0 2 0 0 1 1 0 5/9 15:39 2:42 1:31
Pontus Aberg 0 0 0 0 0 1 0 0 0 0 0/0 7:31 0:00 0:00
Tye McGinn 0 1 1 1 2 2 1 0 0 0 2/2 15:13 2:49 2:24
Zach Werenski 0 0 0 0 0 0 2 2 0 1 0/0 20:21 3:17 2:58
3 Stars
1 - Patrik Berglund (Cal)
2 - Christopher Gibson (Cal)
3 - Erik Johnson (Cal)
Power Play
Flames - 1 on 6 Attempt(s) - 16.67%
Maple Leafs - 0 on 3 Attempt(s) - 0.00%
Penalty Kill
Flames - 3 on 3 Attempt(s) - 100.00%
- Score 0 goal in Penalty Kill
Maple Leafs - 5 on 6 Attempt(s) - 83.33%
- Score 0 goal in Penalty Kill
Team Stat
Flames - Hits : 16 - Faceoff Wins : 25 - Blocked Shots : 11 - Penalty Minutes : 6
Maple Leafs - Hits : 17 - Faceoff Wins : 31 - Blocked Shots : 14 - Penalty Minutes : 12
Official
Referees : Marc Joannette and Tim Peel
Linesman : Ryan Gibbons and James Tobias
Game Notes
Eric Staal has scored in a empty net!
Finance
Level 1 -- Attendance: 5595 (93.25%) -- Ticket Income $559,500
Level 2 -- Attendance: 4430 (88.60%) -- Ticket Income $265,800
Level 3 -- Attendance: 1766 (88.30%) -- Ticket Income $61,810
Level 4 -- Attendance: 3876 (96.90%) -- Ticket Income $96,900
Luxury Box -- Attendance: 953 (95.30%) -- Ticket Income $190,600
Game was played at the Scotiabank Arena.
Total Attendance: 16620 (92.33%)
Total Ticket Income: $1,174,610
Other Income: $176,192
Total Income: $1,350,802
Flames
5 vs 5 Forward
Center Left Wing Right Wing Time % Phy DF OF
1 Eric Staal Brad Marchand Bryan Rust 38 1 2 2
2 Patrik Berglund Tanner Pearson Jimmy Hayes 33 1 2 2
3 Colin Wilson David Ullstrom Kyle Palmieri 20 1 2 2
4 Anders Lee Vladimir Sobotka Kevin Labanc 9 1 2 2
5 vs 5 Defense
Defense Defense Time % Phy DF OF
1 Erik Johnson Sami Vatanen 40 1 2 2
2 Colby Robak Christian Folin 31 1 2 2
3 Esa Lindell Brendan Mikkelson 22 1 2 2
4 Colby Robak Christian Folin 7 1 2 2
PowerPlay Forward
Center Left Wing Right Wing Time % Phy DF OF
1 Patrik Berglund Tanner Pearson Jimmy Hayes 60 1 1 3
2 Eric Staal Brad Marchand Kevin Labanc 40 1 1 3
PowerPlay Defense
Defense Defense Time % Phy DF OF
1 Erik Johnson Sami Vatanen 60 1 1 3
2 Esa Lindell Brendan Mikkelson 40 1 1 3
Penalty Kill 4 Players Forward
Center Wing Time % Phy DF OF
1 Patrik Berglund Brad Marchand 60 1 2 2
2 Eric Staal Bryan Rust 40 1 2 2
Penalty Kill 4 Players Defense
Defense Defense Time % Phy DF OF
1 Erik Johnson Christian Folin 60 1 2 2
2 Colby Robak Brendan Mikkelson 40 1 2 2
Penalty Kill - 3 Players Forward
Forward Time % Phy DF OF
1 Eric Staal 60 1 2 2
2 Patrik Berglund 40 1 2 2
Penalty Kill - 3 Players Defense
Defense Defense Time % Phy DF OF
1 Erik Johnson Christian Folin 60 1 2 2
2 Colby Robak Brendan Mikkelson 40 1 2 2
4 vs 4 Forward
Center Wing Time % Phy DF OF
1 Eric Staal Brad Marchand 60 1 2 2
2 Patrik Berglund Bryan Rust 40 1 2 2
4 vs 4 Defense
Defense Defense Time % Phy DF OF
1 Erik Johnson Sami Vatanen 60 1 2 2
2 Colby Robak Christian Folin 40 1 2 2
Last Minutes Offensive
Center Left Wing Right Wing Defense Defense
Eric Staal Brad Marchand Bryan Rust Erik Johnson Sami Vatanen
Last Minutes Defensive
Center Left Wing Right Wing Defense Defense
Eric Staal Brad Marchand Bryan Rust Erik Johnson Sami Vatanen
Goaltenders
Starting : Christopher Gibson
Backup : Henrik Lundqvist
Extra Forwards
Normal : Patrik Berglund, Bryan Rust, Vladimir Sobotka - PP : Kevin Labanc, Anders Lee - PK : Eric Staal
Extra Defensemen
Normal : Esa Lindell, Christian Folin, Colby Robak - PP : Esa Lindell - PK : Brendan Mikkelson, Christian Folin
Penalty Shots
Eric Staal, Tanner Pearson, Anders Lee, Patrik Berglund, Jimmy Hayes
Scratches
David Savard (Healthy), Jake DeBrusk (Healthy), Nathan Lieuwen (Healthy)
Maple Leafs
5 vs 5 Forward
Center Left Wing Right Wing Time % Phy DF OF
1 Brayden Schenn Claude Giroux Matt Duchene 40 1 2 2
2 Patrice Cormier Jason Zucker Andre Burakovsky 30 1 2 2
3 Elias Pettersson Tye McGinn Brad Boyes 20 1 2 2
4 Luke Adam Brandon Saad Pontus Aberg 10 1 2 2
5 vs 5 Defense
Defense Defense Time % Phy DF OF
1 Jon Merrill John Klingberg 40 1 2 2
2 Braydon Coburn Zach Werenski 30 1 2 2
3 Haydn Fleury Neal Pionk 20 1 2 2
4 Jon Merrill John Klingberg 10 1 2 2
PowerPlay Forward
Center Left Wing Right Wing Time % Phy DF OF
1 Brayden Schenn Claude Giroux Matt Duchene 60 1 2 2
2 Patrice Cormier Tye McGinn Andre Burakovsky 40 1 2 2
PowerPlay Defense
Defense Defense Time % Phy DF OF
1 Jon Merrill John Klingberg 60 1 2 2
2 Braydon Coburn Zach Werenski 40 1 2 2
Penalty Kill 4 Players Forward
Center Wing Time % Phy DF OF
1 Brayden Schenn Claude Giroux 60 1 2 2
2 Patrice Cormier Tye McGinn 40 1 2 2
Penalty Kill 4 Players Defense
Defense Defense Time % Phy DF OF
1 Jon Merrill John Klingberg 60 1 2 2
2 Braydon Coburn Zach Werenski 40 1 2 2
Penalty Kill - 3 Players Forward
Forward Time % Phy DF OF
1 Brayden Schenn 60 1 2 2
2 Patrice Cormier 40 1 2 2
Penalty Kill - 3 Players Defense
Defense Defense Time % Phy DF OF
1 Jon Merrill John Klingberg 60 1 2 2
2 Braydon Coburn Zach Werenski 40 1 2 2
4 vs 4 Forward
Center Wing Time % Phy DF OF
1 Brayden Schenn Claude Giroux 60 1 2 2
2 Patrice Cormier Tye McGinn 40 1 2 2
4 vs 4 Defense
Defense Defense Time % Phy DF OF
1 Jon Merrill John Klingberg 60 1 2 2
2 Braydon Coburn Zach Werenski 40 1 2 2
Last Minutes Offensive
Center Left Wing Right Wing Defense Defense
Brayden Schenn Claude Giroux Matt Duchene Jon Merrill John Klingberg
Last Minutes Defensive
Center Left Wing Right Wing Defense Defense
Brayden Schenn Claude Giroux Matt Duchene Jon Merrill John Klingberg
Goaltenders
Starting : Martin Jones
Backup : Kristers Gudlevskis
Extra Forwards
Normal : Tye McGinn, Brad Boyes, Brandon Saad - PP : Tye McGinn, Brad Boyes - PK : Tye McGinn
Extra Defensemen
Normal : Zach Werenski, Haydn Fleury, Neal Pionk - PP : Zach Werenski - PK : Zach Werenski, Haydn Fleury
Penalty Shots
Claude Giroux, Matt Duchene, Brayden Schenn, Andre Burakovsky, Jason Zucker
Scratches
Bo Horvat (Strained Right Knee Injury), Brayden McNabb (Healthy), Dana Tyrell (Healthy)
% Time on Ice - Flames
Lines # - Real PCT - Wanted PCT - Time Play
Normal Forward
1 - 34% - 38% - 15:02
2 - 28% - 33% - 12:38
3 - 22% - 20% - 9:57
4 - 15% - 9% - 6:48
Normal Defense
1 - 38% - 40% - 17:06
2 - 36% - 31% - 15:57
3 - 23% - 22% - 10:09
4 - 3% - 7% - 1:13
PP Forward
1 - 67% - 60% - 6:00
2 - 33% - 40% - 2:59
PP Defense
1 - 72% - 60% - 6:27
2 - 28% - 40% - 2:32
PK Forward
1 - 72% - 60% - 4:18
2 - 28% - 40% - 1:39
PK Defense
1 - 53% - 60% - 3:10
2 - 47% - 40% - 2:47
PK3 Forward
1 - 0% - 60%
2 - 0% - 40%
PK3 Defense
1 - 0% - 60%
2 - 0% - 40%
44 Forward
1 - 0% - 60%
2 - 0% - 40%
44 Defense
1 - 0% - 60%
2 - 0% - 40%
Last Minute Offensive - 0:00
Last Minute Defensive - 0:39
Total
Forward - 60:00
Defense - 60:00
|
% Time on Ice - Maple Leafs
Lines # - Real PCT - Wanted PCT - Time Play
Normal Forward
1 - 34% - 40% - 15:00
2 - 31% - 30% - 13:36
3 - 19% - 20% - 8:19
4 - 17% - 10% - 7:31
Normal Defense
1 - 41% - 40% - 18:18
2 - 32% - 30% - 14:06
3 - 25% - 20% - 11:01
4 - 2% - 10% - 1:01
PP Forward
1 - 35% - 60% - 2:06
2 - 65% - 40% - 3:51
PP Defense
1 - 33% - 60% - 1:59
2 - 67% - 40% - 3:58
PK Forward
1 - 85% - 60% - 6:23
2 - 15% - 40% - 1:07
PK Defense
1 - 76% - 60% - 5:42
2 - 24% - 40% - 1:48
PK3 Forward
1 - 73% - 60% - 1:05
2 - 27% - 40% - 0:24
PK3 Defense
1 - 58% - 60% - 0:52
2 - 42% - 40% - 0:37
44 Forward
1 - 0% - 60%
2 - 0% - 40%
44 Defense
1 - 0% - 60%
2 - 0% - 40%
Last Minute Offensive - 0:38
Last Minute Defensive - 0:00
Total
Forward - 60:00
Defense - 60:00
|
Play-by-Play
1st period
0:01 of 1st period - Eric Staal wins face-off versus Matt Duchene in neutral zone.
0:08 of 1st period - Snap shot by Brad Marchand.
0:08 of 1st period - Shot Blocked by John Klingberg.
0:16 of 1st period - Slapshot by Matt Duchene.
0:16 of 1st period - Shot Blocked by Erik Johnson.
0:22 of 1st period - Minor Penalty to Erik Johnson for Tripping.
0:23 of 1st period - Brayden Schenn wins face-off versus Patrik Berglund in Flames zone.
1:02 of 1st period - Christian Folin is hit by Tye McGinn and loses puck.
2:09 of 1st period - Brayden Schenn is hit by Colby Robak.
2:22 of 1st period - Penalty to Erik Johnson is over, Erik Johnson is back on ice.
2:34 of 1st period - Icing by Colby Robak.
2:35 of 1st period - Luke Adam wins face-off versus Colin Wilson in Flames zone.
2:38 of 1st period - Wrist shot by Pontus Aberg.
2:38 of 1st period - Shot Blocked by Erik Johnson.
2:57 of 1st period - Snap shot by David Ullstrom.
2:57 of 1st period - Shot Blocked by Haydn Fleury.
2:59 of 1st period - Wrist shot by Colin Wilson.
2:59 of 1st period - Shot Misses the Net.
3:01 of 1st period - Snap shot by David Ullstrom.
3:01 of 1st period - Shot Blocked by Neal Pionk.
3:03 of 1st period - Slapshot by Christian Folin.
3:03 of 1st period - Stopped by Martin Jones with a rebound.
3:05 of 1st period - Slapshot by Christian Folin.
3:05 of 1st period - Stopped by Martin Jones with a rebound.
3:07 of 1st period - Slapshot by Colin Wilson.
3:07 of 1st period - Stopped by Martin Jones with a rebound.
3:09 of 1st period - Slapshot by Brendan Mikkelson.
3:09 of 1st period - Shot Blocked by Neal Pionk.
3:11 of 1st period - Snap shot by Brendan Mikkelson.
3:11 of 1st period - Shot Misses the Net.
3:13 of 1st period - Slapshot by Brendan Mikkelson.
3:13 of 1st period - Stopped by Martin Jones with a rebound.
3:15 of 1st period - Slapshot by Esa Lindell.
3:15 of 1st period - Stopped by Martin Jones without a rebound.
3:16 of 1st period - Tanner Pearson wins face-off versus Brayden Schenn in Maple Leafs zone.
3:19 of 1st period - Slapshot by Tanner Pearson.
3:19 of 1st period - Stopped by Martin Jones without a rebound.
3:20 of 1st period - Patrik Berglund wins face-off versus Brayden Schenn in Maple Leafs zone.
3:25 of 1st period - Wrist shot by Jimmy Hayes.
3:25 of 1st period - Shot Blocked by Zach Werenski.
3:27 of 1st period - Wrist shot by Patrik Berglund.
3:27 of 1st period - Shot Misses the Net.
3:29 of 1st period - Snap shot by Jimmy Hayes.
3:29 of 1st period - Shot Misses the Net.
3:31 of 1st period - Slapshot by Colby Robak.
3:31 of 1st period - Shot Misses the Net.
3:33 of 1st period - Slapshot by Colby Robak.
3:33 of 1st period - Stopped by Martin Jones with a rebound.
3:35 of 1st period - Wrist shot by Patrik Berglund.
3:35 of 1st period - Shot Misses the Net.
4:51 of 1st period - Snap shot by Luke Adam.
4:51 of 1st period - Stopped by Christopher Gibson with a rebound.
4:53 of 1st period - Snap shot by John Klingberg.
4:53 of 1st period - Shot Misses the Net.
4:55 of 1st period - Wrist shot by Pontus Aberg.
4:55 of 1st period - Shot Misses the Net.
5:12 of 1st period - Wrist shot by Eric Staal.
5:12 of 1st period - Stopped by Martin Jones without a rebound.
5:13 of 1st period - Patrik Berglund wins face-off versus Claude Giroux in Maple Leafs zone.
5:20 of 1st period - Wrist shot by Patrik Berglund.
5:20 of 1st period - Stopped by Martin Jones without a rebound.
5:21 of 1st period - Brayden Schenn wins face-off versus Patrik Berglund in Maple Leafs zone.
6:10 of 1st period - Snap shot by Claude Giroux.
6:10 of 1st period - Stopped by Christopher Gibson with a rebound.
6:47 of 1st period - Snap shot by Claude Giroux.
6:47 of 1st period - Stopped by Christopher Gibson without a rebound.
6:48 of 1st period - Patrice Cormier wins face-off versus Eric Staal in Flames zone.
6:53 of 1st period - Backhand shot by Patrice Cormier.
6:53 of 1st period - Deflect By Jason Zucker.
6:53 of 1st period - Stopped by Christopher Gibson with a rebound.
6:55 of 1st period - Slapshot by Braydon Coburn.
6:55 of 1st period - Stopped by Christopher Gibson with a rebound.
6:57 of 1st period - Wrist shot by Patrice Cormier.
6:57 of 1st period - Shot Misses the Net.
6:59 of 1st period - Snap shot by Patrice Cormier.
6:59 of 1st period - Shot Blocked by Brad Marchand.
7:01 of 1st period - Wrist shot by Patrice Cormier.
7:01 of 1st period - Shot Misses the Net.
7:03 of 1st period - Backhand shot by Andre Burakovsky.
7:03 of 1st period - Shot Blocked by Bryan Rust.
7:05 of 1st period - Snap shot by Patrice Cormier.
7:05 of 1st period - Shot Misses the Net.
7:15 of 1st period - Zach Werenski is hit by Erik Johnson and loses puck.
7:57 of 1st period - Off-side.
7:58 of 1st period - Eric Staal wins face-off versus Patrice Cormier in neutral zone.
8:05 of 1st period - Wrist shot by Eric Staal.
8:05 of 1st period - Stopped by Martin Jones without a rebound.
8:06 of 1st period - Patrice Cormier wins face-off versus Eric Staal in Maple Leafs zone.
8:06 of 1st period - Patrice Cormier is hit by Brad Marchand.
8:32 of 1st period - Slapshot by Sami Vatanen.
8:32 of 1st period - Stopped by Martin Jones without a rebound.
8:33 of 1st period - Elias Pettersson wins face-off versus Anders Lee in Maple Leafs zone.
8:40 of 1st period - Snap shot by John Klingberg.
8:40 of 1st period - Stopped by Christopher Gibson with a rebound.
8:58 of 1st period - Eric Staal is hit by Jason Zucker and loses puck.
9:05 of 1st period - John Klingberg is hit by Brad Marchand and loses puck.
10:11 of 1st period - Colby Robak is hit by Zach Werenski and loses puck.
10:47 of 1st period - Patrice Cormier is hit by Kyle Palmieri.
10:59 of 1st period - Snap shot by Colby Robak.
10:59 of 1st period - Stopped by Martin Jones without a rebound.
11:00 of 1st period - Eric Staal wins face-off versus Brayden Schenn in Maple Leafs zone.
11:23 of 1st period - Minor Penalty to Brayden Schenn for Holding.
11:24 of 1st period - Tye McGinn wins face-off versus Patrik Berglund in Maple Leafs zone.
11:49 of 1st period - Eric Staal is hit by Jon Merrill and loses puck.
12:01 of 1st period - Off-side.
12:02 of 1st period - Tye McGinn wins face-off versus Patrik Berglund in neutral zone.
12:14 of 1st period - Brandon Saad is hit by Patrik Berglund and loses puck.
12:31 of 1st period - Snap shot by Claude Giroux.
12:31 of 1st period - Shot Misses the Net.
13:13 of 1st period - Kevin Labanc is hit by Zach Werenski and loses puck.
13:23 of 1st period - Penalty to Brayden Schenn is over, Brayden Schenn is back on ice.
13:41 of 1st period - Neal Pionk is hit by Esa Lindell and loses puck.
13:54 of 1st period - Haydn Fleury is hit by Brendan Mikkelson and loses puck.
14:25 of 1st period - Snap shot by Elias Pettersson.
14:25 of 1st period - Deflect By Brad Boyes.
14:25 of 1st period - Stopped by Christopher Gibson with a rebound.
14:48 of 1st period - Snap shot by Claude Giroux.
14:48 of 1st period - Stopped by Christopher Gibson without a rebound.
14:49 of 1st period - Brayden Schenn wins face-off versus Jimmy Hayes in Flames zone.
14:53 of 1st period - Icing by Patrik Berglund.
14:54 of 1st period - Elias Pettersson wins face-off versus Patrik Berglund in Flames zone.
15:50 of 1st period - Snap shot by Kevin Labanc.
15:50 of 1st period - Stopped by Martin Jones with a rebound.
16:14 of 1st period - Slapshot by Esa Lindell.
16:14 of 1st period - Stopped by Martin Jones without a rebound.
16:15 of 1st period - Eric Staal wins face-off versus Elias Pettersson in Maple Leafs zone.
16:38 of 1st period - Bryan Rust is hit by John Klingberg and loses puck.
16:45 of 1st period - Snap shot by Eric Staal.
16:45 of 1st period - Stopped by Martin Jones with a rebound.
17:05 of 1st period - Slapshot by John Klingberg.
17:05 of 1st period - Shot Blocked by Esa Lindell.
17:29 of 1st period - Backhand shot by Tanner Pearson.
17:29 of 1st period - Stopped by Martin Jones without a rebound.
17:30 of 1st period - Patrik Berglund wins face-off versus Brayden Schenn in Maple Leafs zone.
17:43 of 1st period - Snap shot by Brayden Schenn.
17:43 of 1st period - Stopped by Christopher Gibson without a rebound.
17:44 of 1st period - Claude Giroux wins face-off versus Patrik Berglund in Flames zone.
17:49 of 1st period - Wrist shot by Matt Duchene.
17:49 of 1st period - Deflect By Claude Giroux.
17:49 of 1st period - Stopped by Christopher Gibson with a rebound.
17:51 of 1st period - Wrist shot by Brayden Schenn.
17:51 of 1st period - Shot Misses the Net.
17:53 of 1st period - Backhand shot by Brayden Schenn.
17:53 of 1st period - Shot Misses the Net.
18:20 of 1st period - Slapshot by Tye McGinn.
18:20 of 1st period - Stopped by Christopher Gibson without a rebound.
18:21 of 1st period - Eric Staal wins face-off versus Brayden Schenn in Flames zone.
18:28 of 1st period - Wrist shot by Brad Marchand.
18:28 of 1st period - Shot Blocked by John Klingberg.
18:30 of 1st period - Snap shot by Eric Staal.
18:30 of 1st period - Shot Misses the Net.
18:32 of 1st period - Snap shot by Eric Staal.
18:32 of 1st period - Shot Misses the Net.
18:34 of 1st period - Snap shot by Eric Staal.
18:34 of 1st period - Stopped by Martin Jones without a rebound.
18:35 of 1st period - Brayden Schenn wins face-off versus Eric Staal in Maple Leafs zone.
18:35 of 1st period - Brayden Schenn is hit by Eric Staal.
18:38 of 1st period - Minor Penalty to Jon Merrill for Hooking.
18:39 of 1st period - Brayden Schenn wins face-off versus Patrik Berglund in Maple Leafs zone.
19:09 of 1st period - Slapshot by Sami Vatanen.
19:09 of 1st period - Shot Blocked by Patrice Cormier.
19:11 of 1st period - Wrist shot by Kevin Labanc.
19:11 of 1st period - Goal by Kevin Labanc - Flames : 1 - Maple Leafs : 0.
19:12 of 1st period - Matt Duchene wins face-off versus Eric Staal in neutral zone.
19:39 of 1st period - Snap shot by Elias Pettersson.
19:39 of 1st period - Stopped by Christopher Gibson with a rebound.
19:52 of 1st period - Snap shot by Sami Vatanen.
19:52 of 1st period - Stopped by Martin Jones with a rebound.
19:58 of 1st period - Snap shot by Eric Staal.
19:58 of 1st period - Shot Blocked by Neal Pionk.
Goals for this period are 1 for Flames vs 0 for Maple Leafs.
Shots for this period are 19 for Flames vs 12 for Maple Leafs.
2nd period
0:01 of 2nd period - Patrik Berglund wins face-off versus Brayden Schenn in neutral zone.
0:03 of 2nd period - Off-side.
0:04 of 2nd period - Patrik Berglund wins face-off versus Brayden Schenn in neutral zone.
0:54 of 2nd period - Off-side.
0:55 of 2nd period - David Ullstrom wins face-off versus Elias Pettersson in neutral zone.
1:20 of 2nd period - Matt Duchene is hit by Patrik Berglund and loses puck.
1:25 of 2nd period - Slapshot by Esa Lindell.
1:25 of 2nd period - Shot Misses the Net.
1:27 of 2nd period - Snap shot by Patrik Berglund.
1:27 of 2nd period - Stopped by Martin Jones with a rebound.
1:29 of 2nd period - Snap shot by Tanner Pearson.
1:29 of 2nd period - Shot Blocked by Matt Duchene.
1:31 of 2nd period - Snap shot by Esa Lindell.
1:31 of 2nd period - Deflect By Jimmy Hayes.
1:31 of 2nd period - Stopped by Martin Jones without a rebound.
1:32 of 2nd period - Patrice Cormier wins face-off versus Eric Staal in Maple Leafs zone.
1:32 of 2nd period - Patrice Cormier is hit by Brad Marchand.
1:35 of 2nd period - Minor Penalty to Patrice Cormier for Hooking.
1:36 of 2nd period - Patrik Berglund wins face-off versus Brayden Schenn in Maple Leafs zone.
1:36 of 2nd period - Wrist shot by Jimmy Hayes.
1:36 of 2nd period - Shot Misses the Net.
1:38 of 2nd period - Slapshot by Sami Vatanen.
1:38 of 2nd period - Shot Misses the Net.
1:42 of 2nd period - Snap shot by Patrik Berglund.
1:42 of 2nd period - Stopped by Martin Jones with a rebound.
1:44 of 2nd period - Slapshot by Erik Johnson.
1:44 of 2nd period - Deflect By Jimmy Hayes.
1:44 of 2nd period - Stopped by Martin Jones without a rebound.
1:45 of 2nd period - Brayden Schenn wins face-off versus Patrik Berglund in Maple Leafs zone.
1:45 of 2nd period - Brayden Schenn is hit by Sami Vatanen.
2:25 of 2nd period - Snap shot by Claude Giroux.
2:25 of 2nd period - Shot Blocked by Sami Vatanen.
2:35 of 2nd period - Snap shot by Brayden Schenn.
2:35 of 2nd period - Stopped by Christopher Gibson with a rebound.
3:35 of 2nd period - Penalty to Patrice Cormier is over, Patrice Cormier is back on ice.
4:09 of 2nd period - Snap shot by Claude Giroux.
4:09 of 2nd period - Shot Misses the Net.
4:11 of 2nd period - Minor Penalty to Sami Vatanen for Tripping.
4:12 of 2nd period - Patrice Cormier wins face-off versus Bryan Rust in Flames zone.
5:57 of 2nd period - Slapshot by Esa Lindell.
5:57 of 2nd period - Stopped by Martin Jones without a rebound.
5:58 of 2nd period - Colin Wilson wins face-off versus Elias Pettersson in Maple Leafs zone.
6:03 of 2nd period - Wrist shot by David Ullstrom.
6:03 of 2nd period - Stopped by Martin Jones with a rebound.
6:11 of 2nd period - Penalty to Sami Vatanen is over, Sami Vatanen is back on ice.
7:59 of 2nd period - Snap shot by Sami Vatanen.
7:59 of 2nd period - Shot Misses the Net.
8:27 of 2nd period - Snap shot by Sami Vatanen.
8:27 of 2nd period - Stopped by Martin Jones without a rebound.
8:28 of 2nd period - Luke Adam wins face-off versus Tanner Pearson in Maple Leafs zone.
8:33 of 2nd period - Wrist shot by Patrik Berglund.
8:33 of 2nd period - Stopped by Martin Jones with a rebound.
8:35 of 2nd period - Slapshot by Esa Lindell.
8:35 of 2nd period - Stopped by Martin Jones with a rebound.
8:37 of 2nd period - Wrist shot by Tanner Pearson.
8:37 of 2nd period - Stopped by Martin Jones with a rebound.
9:37 of 2nd period - Wrist shot by Kevin Labanc.
9:37 of 2nd period - Shot Misses the Net.
10:35 of 2nd period - Erik Johnson is hit by Brad Boyes and loses puck.
10:52 of 2nd period - Neal Pionk is hit by Bryan Rust.
11:38 of 2nd period - Icing by Esa Lindell.
11:39 of 2nd period - Eric Staal wins face-off versus Patrice Cormier in Flames zone.
11:39 of 2nd period - Eric Staal is hit by Andre Burakovsky.
14:57 of 2nd period - Kyle Palmieri is hit by Jon Merrill.
15:44 of 2nd period - Off-side.
15:45 of 2nd period - Patrik Berglund wins face-off versus Patrice Cormier in neutral zone.
16:10 of 2nd period - Minor Penalty to Claude Giroux for Tripping.
16:11 of 2nd period - Brayden Schenn wins face-off versus Patrik Berglund in Maple Leafs zone.
16:17 of 2nd period - Icing by Sami Vatanen.
16:18 of 2nd period - Patrik Berglund wins face-off versus Brayden Schenn in Flames zone.
16:18 of 2nd period - Patrik Berglund is hit by Jon Merrill.
16:40 of 2nd period - Minor Penalty to Tye McGinn for Tripping.
16:41 of 2nd period - Brayden Schenn wins face-off versus Patrik Berglund in Maple Leafs zone.
16:56 of 2nd period - Slapshot by Sami Vatanen.
16:56 of 2nd period - Stopped by Martin Jones with a rebound.
18:10 of 2nd period - Penalty to Claude Giroux is over, Claude Giroux is back on ice.
18:40 of 2nd period - Penalty to Tye McGinn is over, Tye McGinn is back on ice.
19:18 of 2nd period - Anders Lee is hit by Elias Pettersson and loses puck.
19:47 of 2nd period - Colin Wilson is hit by Andre Burakovsky and loses puck.
19:54 of 2nd period - Backhand shot by Jason Zucker.
19:54 of 2nd period - Stopped by Christopher Gibson with a rebound.
19:56 of 2nd period - Slapshot by Jason Zucker.
19:56 of 2nd period - Shot Misses the Net.
Goals for this period are 0 for Flames vs 0 for Maple Leafs.
Shots for this period are 11 for Flames vs 2 for Maple Leafs.
3rd period
0:01 of 3rd period - Brayden Schenn wins face-off versus Patrik Berglund in neutral zone.
0:44 of 3rd period - Snap shot by Claude Giroux.
0:44 of 3rd period - Stopped by Christopher Gibson with a rebound.
2:07 of 3rd period - Slapshot by Tye McGinn.
2:07 of 3rd period - Shot Misses the Net.
2:43 of 3rd period - Slapshot by Luke Adam.
2:43 of 3rd period - Deflect By Pontus Aberg.
2:43 of 3rd period - Stopped by Christopher Gibson with a rebound.
3:23 of 3rd period - Snap shot by Elias Pettersson.
3:23 of 3rd period - Stopped by Christopher Gibson without a rebound.
3:24 of 3rd period - Patrik Berglund wins face-off versus Elias Pettersson in Flames zone.
4:06 of 3rd period - Snap shot by Elias Pettersson.
4:06 of 3rd period - Goal by Elias Pettersson - Flames : 1 - Maple Leafs : 1.
4:07 of 3rd period - Patrik Berglund wins face-off versus Brayden Schenn in neutral zone.
4:10 of 3rd period - Slapshot by Sami Vatanen.
4:10 of 3rd period - Shot Misses the Net.
4:12 of 3rd period - Snap shot by Sami Vatanen.
4:12 of 3rd period - Deflect By Jimmy Hayes.
4:12 of 3rd period - Shot Misses the Net.
4:12 of 3rd period - Puck is out of play.
4:13 of 3rd period - Brayden Schenn wins face-off versus Patrik Berglund in Maple Leafs zone.
4:48 of 3rd period - Wrist shot by Eric Staal.
4:48 of 3rd period - Stopped by Martin Jones with a rebound.
5:17 of 3rd period - Icing by Elias Pettersson.
5:18 of 3rd period - Luke Adam wins face-off versus Colin Wilson in Maple Leafs zone.
5:25 of 3rd period - Backhand shot by John Klingberg.
5:25 of 3rd period - Shot Misses the Net.
5:31 of 3rd period - Brendan Mikkelson is hit by Brandon Saad and loses puck.
6:16 of 3rd period - Slapshot by Esa Lindell.
6:16 of 3rd period - Shot Misses the Net.
6:18 of 3rd period - Wrist shot by Kevin Labanc.
6:18 of 3rd period - Stopped by Martin Jones without a rebound.
6:19 of 3rd period - Patrik Berglund wins face-off versus Matt Duchene in Maple Leafs zone.
6:24 of 3rd period - Snap shot by Patrik Berglund.
6:24 of 3rd period - Shot Blocked by Haydn Fleury.
6:26 of 3rd period - Slapshot by Jimmy Hayes.
6:26 of 3rd period - Shot Misses the Net.
6:28 of 3rd period - Slapshot by Erik Johnson.
6:28 of 3rd period - Stopped by Martin Jones without a rebound.
6:29 of 3rd period - Patrik Berglund wins face-off versus Brayden Schenn in Maple Leafs zone.
6:46 of 3rd period - Snap shot by Jimmy Hayes.
6:46 of 3rd period - Shot Misses the Net.
6:48 of 3rd period - Slapshot by Sami Vatanen.
6:48 of 3rd period - Shot Blocked by Haydn Fleury.
6:50 of 3rd period - Slapshot by Erik Johnson.
6:50 of 3rd period - Shot Misses the Net.
6:52 of 3rd period - Slapshot by Sami Vatanen.
6:52 of 3rd period - Shot Blocked by Brayden Schenn.
6:54 of 3rd period - Wrist shot by Patrik Berglund.
6:54 of 3rd period - Goal by Patrik Berglund - Flames : 2 - Maple Leafs : 1.
6:55 of 3rd period - Brayden Schenn wins face-off versus Eric Staal in neutral zone.
7:08 of 3rd period - Wrist shot by Brad Marchand.
7:08 of 3rd period - Stopped by Martin Jones with a rebound.
7:10 of 3rd period - Slapshot by Eric Staal.
7:10 of 3rd period - Shot Misses the Net.
7:19 of 3rd period - Minor Penalty to Jason Zucker for Interference.
7:20 of 3rd period - Patrik Berglund wins face-off versus Brayden Schenn in Maple Leafs zone.
9:19 of 3rd period - Penalty to Jason Zucker is over, Jason Zucker is back on ice.
9:57 of 3rd period - Snap shot by Kyle Palmieri.
9:57 of 3rd period - Shot Blocked by Zach Werenski.
9:59 of 3rd period - Snap shot by Colin Wilson.
9:59 of 3rd period - Deflect By David Ullstrom.
9:59 of 3rd period - Stopped by Martin Jones with a rebound.
10:19 of 3rd period - Slapshot by Brayden Schenn.
10:19 of 3rd period - Deflect By Jason Zucker.
10:19 of 3rd period - Stopped by Christopher Gibson without a rebound.
10:20 of 3rd period - Elias Pettersson wins face-off versus Patrik Berglund in Flames zone.
10:21 of 3rd period - Snap shot by Brad Boyes.
10:21 of 3rd period - Shot Blocked by Patrik Berglund.
10:27 of 3rd period - Slapshot by Elias Pettersson.
10:27 of 3rd period - Shot Misses the Net.
10:49 of 3rd period - Slapshot by Brandon Saad.
10:49 of 3rd period - Deflect By Luke Adam.
10:49 of 3rd period - Shot Blocked by Sami Vatanen.
10:49 of 3rd period - Puck is out of play.
10:50 of 3rd period - Eric Staal wins face-off versus Luke Adam in Flames zone.
10:50 of 3rd period - Eric Staal is hit by John Klingberg.
11:06 of 3rd period - Wrist shot by Bryan Rust.
11:06 of 3rd period - Shot Misses the Net.
11:18 of 3rd period - Wrist shot by Elias Pettersson.
11:18 of 3rd period - Shot Blocked by Anders Lee.
11:20 of 3rd period - Wrist shot by Brad Boyes.
11:20 of 3rd period - Stopped by Christopher Gibson without a rebound.
11:21 of 3rd period - Elias Pettersson wins face-off versus Patrik Berglund in Flames zone.
11:24 of 3rd period - Slapshot by Elias Pettersson.
11:24 of 3rd period - Shot Blocked by Patrik Berglund.
11:26 of 3rd period - Slapshot by Tye McGinn.
11:26 of 3rd period - Stopped by Christopher Gibson without a rebound.
11:27 of 3rd period - Patrik Berglund wins face-off versus Patrice Cormier in Flames zone.
11:53 of 3rd period - Snap shot by Eric Staal.
11:53 of 3rd period - Stopped by Martin Jones with a rebound.
11:55 of 3rd period - Snap shot by Bryan Rust.
11:55 of 3rd period - Shot Misses the Net.
11:57 of 3rd period - Wrist shot by Sami Vatanen.
11:57 of 3rd period - Shot Blocked by Braydon Coburn.
12:35 of 3rd period - Snap shot by Jason Zucker.
12:35 of 3rd period - Stopped by Christopher Gibson with a rebound.
12:37 of 3rd period - Slapshot by Jason Zucker.
12:37 of 3rd period - Shot Misses the Net.
12:39 of 3rd period - Wrist shot by Jon Merrill.
12:39 of 3rd period - Stopped by Christopher Gibson without a rebound.
12:40 of 3rd period - Patrice Cormier wins face-off versus Anders Lee in Flames zone.
13:07 of 3rd period - John Klingberg is hit by Bryan Rust and loses puck.
13:57 of 3rd period - Snap shot by Andre Burakovsky.
13:57 of 3rd period - Shot Misses the Net.
14:55 of 3rd period - Minor Penalty to Brad Marchand for Diving.
14:56 of 3rd period - Brayden Schenn wins face-off versus Patrik Berglund in Flames zone.
14:56 of 3rd period - Slapshot by Matt Duchene.
14:56 of 3rd period - Shot Misses the Net.
14:58 of 3rd period - Slapshot by Braydon Coburn.
14:58 of 3rd period - Stopped by Christopher Gibson with a rebound.
15:22 of 3rd period - David Ullstrom is hit by Andre Burakovsky and loses puck.
15:31 of 3rd period - Snap shot by Andre Burakovsky.
15:31 of 3rd period - Shot Misses the Net.
15:33 of 3rd period - Wrist shot by Andre Burakovsky.
15:33 of 3rd period - Deflect By Patrik Berglund.
15:33 of 3rd period - Shot Misses the Net.
15:33 of 3rd period - Puck is out of play.
15:34 of 3rd period - Brayden Schenn wins face-off versus Patrik Berglund in Flames zone.
15:51 of 3rd period - Erik Johnson is hit by Jon Merrill and loses puck.
16:55 of 3rd period - Penalty to Brad Marchand is over, Brad Marchand is back on ice.
17:19 of 3rd period - Snap shot by Jason Zucker.
17:19 of 3rd period - Shot Misses the Net.
18:10 of 3rd period - Brandon Saad is hit by Erik Johnson and loses puck.
18:23 of 3rd period - Zach Werenski is hit by David Ullstrom and loses puck.
18:59 of 3rd period - Bryan Rust is hit by Matt Duchene and loses puck.
19:03 of 3rd period - Icing by Eric Staal.
19:04 of 3rd period - Brayden Schenn wins face-off versus Vladimir Sobotka in Flames zone.
19:05 of 3rd period - Maple Leafs, Martin Jones is pulled from the net.
19:09 of 3rd period - Snap shot by Brayden Schenn.
19:09 of 3rd period - Shot Misses the Net.
19:11 of 3rd period - Slapshot by John Klingberg.
19:11 of 3rd period - Stopped by Christopher Gibson with a rebound.
19:13 of 3rd period - Wrist shot by Brayden Schenn.
19:13 of 3rd period - Stopped by Christopher Gibson with a rebound.
19:31 of 3rd period - Snap shot by Eric Staal.
19:31 of 3rd period - Goal by Eric Staal - Flames : 3 - Maple Leafs : 1.
19:31 of 3rd period - Martin Jones from Maple Leafs was sent back in the game.
19:32 of 3rd period - Colin Wilson wins face-off versus Elias Pettersson in neutral zone.
19:34 of 3rd period - Off-side.
19:35 of 3rd period - Elias Pettersson wins face-off versus Colin Wilson in neutral zone.
19:46 of 3rd period - Snap shot by Tye McGinn.
19:46 of 3rd period - Shot Blocked by Colby Robak.
19:48 of 3rd period - Wrist shot by Tye McGinn.
19:48 of 3rd period - Shot Misses the Net.
19:50 of 3rd period - Snap shot by John Klingberg.
19:50 of 3rd period - Shot Misses the Net.
Goals for this period are 2 for Flames vs 1 for Maple Leafs.
Shots for this period are 8 for Flames vs 12 for Maple Leafs.
Output by the SimonT Hockey Simulator (STHS) for Francois Prevost